[Event "*** Titled Tuesday Blitz"]
[Site "Chess.com"]
[Date "2018.05.01"]
[Round "4"]
[White "Al_Shima"]
[Black "JoachimBN"]
[Result "0-1"]
[WhiteElo "2403"]
[BlackElo "2562"]
[TimeControl "180+2"]
[EndTime "13:53:19 PDT"]
[Termination "JoachimBN won by resignation"]

1. b3 a5 2. a4 Nf6 3. Bb2 g6 4.
Bxf6 exf6 5. c4 d5 6. cxd5 Qxd5 7.
Nc3 Qd8 8. g3 c6 9. Bg2 Bb4 10.
Nf3 O-O 11. O-O f5 12. Qc2 Nd7 13. d4 Qe7 14. e3 Nf6 15. Ne5 Be6 16. Na2 Bd6 17.
Nc4 Bc7 18. Nc3 Rfd8 19. Rfd1 h5 20. h4 Rd7 21. Rd2 Rad8 22. Rad1 Qb4 23. Na2 Qe7 24. Nc3 Qb4 25. Na2 Qe7 26. Bf3 Kg7 27. Kg2 Nd5 28. Nc3 Nb4 29. Qb2 Qf6 30. Na2 Nxa2 31. Qxa2 Kh7 32. Qc2 Kh6 33. Qc3 Bd5 34. Nxa5 Bxf3+ 35.
Kxf3 Qe6 36. Nc4 f4 37. exf4 Qg4+ 38. Kg2 Bxf4 39. Rd3 Bc7 40. Qd2+ Kh7 41. Qe3 Qf5 42. Qf3 Qg4 43. Qxg4 hxg4 44. Ne3 f5 45. f3 gxf3+ 46. Kxf3 Bb6 47. Nc2 Kg7 48. Re1 Kf7 49. Red1 Kf6 50. b4 Re7 51. Re3 Rxe3+ 52. Kxe3 Re8+ 53. Kf3 Re4 54. a5 Bc7 55. Re1 Rg4 56. Rg1 Re4 57. Re1 Rg4 58. Rg1 Re4 59. g4 Rf4+ 60. Ke3 fxg4 61. Ne1 Kf5 62. Nd3 Re4+ 63. Kd2 Rxd4 64. Kc3 Re4 65.
Rf1+ Bf4 66. Nc5 Re3+ 67. Kd4 Re7 68. Nd3 Re4+ 69. Kc5 g3 70. Kb6 g2 71. Rg1 Be3+ 72.
Kxb7 Bxg1 73. Nc5 Rxb4+ 0-1

[Event "*** Titled Tuesday Blitz"]
[Site "Chess.com"]
[Date "2018.05.01"]
[Round "4"]
[White "SipkeErnst"]
[Black "Bryakin_Mikhail"]
[Result "1/2-1/2"]
[WhiteElo "2524"]
[BlackElo "2603"]
[TimeControl "180+2"]
[EndTime "13:53:21 PDT"]
[Termination "Game drawn by agreement"]

1. d4 d5 2. c4 c6 3. Nf3 Nf6 4. cxd5 cxd5 5. Nc3 Nc6 6. Bf4 a6 7. e3 Bg4 8. Qb3 Na5 9. Qa4+ Bd7 10. Qc2 Rc8 11. Bd3 e6 12. O-O Nc4 13. Rfc1 b5 14. Qe2 Be7 15. a4 Qb6 16. axb5 axb5 17. Ne5 O-O 18.
Nxd7 Nxd7 19. b3 Nd6 20. Nxb5 Nxb5 21. Bxb5 Nf6 22. f3 h6 23. Ba4 Bb4 24. h3 Bd6 25.
Bxd6 Qxd6 26. Qd2 h5 27. b4 h4 28. Rc5 g6 29. Qc2 Rb8 30. b5 Kg7 31. Rb1 Nh5 32. Qb2 Qg3 33. b6 Qg5 34. Qd2 Ng3 35. b7 Nf5 36.
Rc3 Nd6 37. Bc6 Nc4 38. Qe1 Nd6 39. Ra1 Nf5 40. Ra8 Qf6 41. Rxb8 Rxb8 42. Ra3 Qg5 43. Ra8 Nxe3 44. Qe2 Nxg2 45. Qe5+ Qxe5 46. dxe5 Rxb7 47. Bxb7 Nf4 48. Kh2 Nd3 49. f4 Nxf4 50. Ra4 Nd3 51. Rxh4 Nxe5 52. Ra4 Nf3+ 53. Kg3 Ne5 54. Ra5 Kf6 55.
Bxd5 exd5 56. Rxd5 Ke6 57. Rd1 1/2-1/2

[Event "*** Titled Tuesday Blitz"]
[Site "Chess.com"]
[Date "2018.05.01"]
[Round "4"]
[White "Kouzari"]
[Black "TST2014"]
[Result "1-0"]
[WhiteElo "2636"]
[BlackElo "2401"]
[TimeControl "180+2"]
[EndTime "13:53:22 PDT"]
[Termination "Kouzari won on time"]

1. d4 Nf6 2. c4 e6 3. Nc3 Bb4 4. g3 c5 5. Nf3 b6 6. Bg2 Bb7 7.
d5 b5 8. dxe6 fxe6 9. cxb5 d5 10.
O-O Nbd7 11. e4 Bxc3 12. bxc3 Nxe4 13. c4 O-O 14. cxd5 exd5 15. Bb2 Ndf6 16. Rc1 Qb6 17. a4 a6 18. bxa6 Bxa6 19. Bxf6 Nxf6 20. Re1 Rad8 21. Ng5 Bc8 22. Re5 h6 23. Nh3 Bg4 24. Qc2 Bxh3 25.
Bxh3 Ne4 26. Rf1 Kh8 27. Bg2 Nf6 28. h3 c4 29. Rfe1 Qa6 30. Qg6 Rd7 31. Re7 Rxe7 32.
Rxe7 Rg8 33. Bxd5 Qd6 34. Bxg8 Qxe7 35. Bxc4 Qe1+ 36. Kg2 Qc3 37. Qd3 Qa5 38. Bb5 Qa8+ 39. Qf3 Qa7 40. Qc6 Qd4 41. Qf3 h5 42. Qd3 Qc5 43. Qd8+ Kh7 44. Bd3+ g6 45. Qxf6 Qd5+ 46. Qf3 Qxd3 47. Qxd3 1-0

[Event "*** Titled Tuesday Blitz"]
[Site "Chess.com"]
[Date "2018.05.01"]
[Round "4"]
[White "Khamrakulov_Djurabek"]
[Black "Hrant_ChessMood"]
[Result "1-0"]
[WhiteElo "2659"]
[BlackElo "2819"]
[TimeControl "180+2"]
[EndTime "13:53:23 PDT"]
[Termination "Khamrakulov_Djurabek won on time"]

1. e4 c6 2. Nc3 d5 3. Nf3 dxe4 4. Nxe4 Nf6 5. Nxf6+ exf6 6. d4 Bd6 7. Qe2+ Qe7 8.
Qxe7+ Kxe7 9. Be2 Be6 10. O-O Re8 11. Re1 Na6 12. c3 Nc7 13. Bd2 a5 14. c4 Kd7 15. b3 Bf5 16. Nh4 Be6 17. f4 Kd8 18. Bd3 g6 19. f5 Bd7 20. Rxe8+ Nxe8 21. a4 g5 22. Nf3 h5 23. h3 h4 24. Nh2 Ng7 25.
Rf1 Nh5 26. Ng4 Kc7 27. Re1 b6 28. d5 cxd5 29. cxd5 Kb7 30. Bc3 Rc8 31. Bb2 Ng3 32. Nxf6 Bxf5 33. Bxf5 Nxf5 34. Ne4 Bf4 35. Bf6 Rg8 36. Kf2 Kc7 37. Kf3 Kd7 38. Bb2 Rg6 39.
Nf6+ Kc7 40. Re8 Bd6 41. Rh8 Ne7 42. Rh7 Kd8 43. Rxf7 Bc5 44. Rf8+ Kc7 45. Be5+ Kb7 46. Rf7 Ka6 47. d6 Nc6 48. Ke4 g4 49. hxg4 Rg5 50. Bf4 Rg6 51. d7 1-0

[Event "*** Titled Tuesday Blitz"]
[Site "Chess.com"]
[Date "2018.05.01"]
[Round "4"]
[White "Rokis13"]
[Black "abubakrtagelsir"]
[Result "0-1"]
[WhiteElo "2441"]
[BlackElo "2350"]
[TimeControl "180+2"]
[EndTime "13:53:23 PDT"]
[Termination "abubakrtagelsir won by resignation"]

1. e4 d6 2. d4 Nf6 3. Nc3 g6 4.
Be3 c6 5. h3 Bg7 6. Bd3 O-O 7.
Qd2 Nbd7 8. Nge2 b5 9. O-O Nb6 10.
f4 Nc4 11. Bxc4 bxc4 12. e5 Nd5 13. Ng3 Rb8 14. Rab1 e6 15. Nge4 Nxe3 16. Qxe3 d5 17. Nd6 Qc7 18. g4 Rd8 19. f5 exf5 20. gxf5 Rxd6 21.
exd6 Qxd6 22. Qe8+ Bf8 23. Qe5 Qxe5 24. dxe5 Bxf5 25. Rxf5 gxf5 26. b3 Bc5+ 27. Kg2 cxb3 28. axb3 Bd4 29. Ne2 Bxe5 30. Rf1 f4 31. Nxf4 Bxf4 32.
Rxf4 Rb6 33. Rf5 Kg7 34. Kf3 Rb4 35. Re5 Kf6 36. Rh5 Kg6 37. Re5 h5 38. Re7 a5 39. Rc7 Rb6 40. Ra7 Rb5 41. Ke3 f6 42. Ra6 c5 43. Rd6 c4 44. bxc4 dxc4 45. Ra6 Rb2 46.
Kd2 Ra2 47. Rc6 Ra4 48. Rc5 h4 49. Rc8 Ra3 50. c3 Ra2+ 51. Ke3 Rh2 52. Rxc4 Rxh3+ 53.
Kf4 Rg3 54. Ra4 Rg5 55. Kf3 h3 56. Rh4 Rh5 57. Rg4+ Kf5 58. Rg1 h2 59. Rh1 a4 60.
c4 a3 61. c5 a2 62. c6 Ke6 63. Kg2 Kd6 64. Rd1+ Kxc6 65. Kh1 Rb5 66. Kxh2 Rb1 0-1

[Event "*** Titled Tuesday Blitz"]
[Site "Chess.com"]
[Date "2018.05.01"]
[Round "4"]
[White "Too_Stupid_To_Play"]
[Black "PowerThinking2650"]
[Result "1-0"]
[WhiteElo "2194"]
[BlackElo "2278"]
[TimeControl "180+2"]
[EndTime "13:53:24 PDT"]
[Termination "Too_Stupid_To_Play won by checkmate"]

1. b4 e5 2. Bb2 Bxb4 3. Bxe5 Nf6 4. Nc3 c6 5. Rb1 Ba5 6. Bd6 Bc7 7. Bxc7 Qxc7 8. e4 O-O 9. Bd3 Re8 10. Nge2 d5 11.
exd5 cxd5 12. O-O Nc6 13. Ng3 a6 14. Nh5 Ng4 15. g3 g6 16. Nxd5 Qe5 17. Nhf4 g5 18. Nb6 gxf4 19. Nxc8 Qh5 20. h4 Raxc8 21. Rxb7 Nce5 22. Be2 Qf5 23. d4 f3 24. Bxa6 Ng6 25.
Bd3 Qd5 26. Rb5 Qxd4 27. Qxf3 N4e5 28. Qf5 Nxd3 29. cxd3 Rc2 30. Rb7 Rf8 31. h5 Qe5 32. Qg4 f5 33. Qd1 Rxa2 34. Qb3+ Kh8 35. Qxa2 Nh4 36.
f4 Qe3+ 37. Qf2 Nf3+ 38. Kg2 Qxf2+ 39. Rxf2 Nd4 40. Ra2 Ne6 41. Raa7 Rd8 42. Rxh7+ Kg8 43. Rhd7 Rc8 44. Re7 Nf8 45. h6 Rc2+ 46. Kh3 Rc1 47. Kg2 Rd1 48. h7+ Kh8 49. Rf7 Rd2+ 50. Kh3 Nxh7 51.
Ra8+ Nf8 52. Raxf8# 1-0

[Event "*** Titled Tuesday Blitz"]
[Site "Chess.com"]
[Date "2018.05.01"]
[Round "4"]
[White "Frolik67"]
[Black "bascheyaro"]
[Result "1-0"]
[WhiteElo "2460"]
[BlackElo "2657"]
[TimeControl "180+2"]
[EndTime "13:53:26 PDT"]
[Termination "Frolik67 won by resignation"]

1. e4 e6 2. d3 d5 3. Nd2 c5 4.
Ngf3 Nc6 5. g3 Nf6 6. Bg2 Bd6 7. O-O O-O 8. Re1 Qc7 9. h4 b5 10. a4 b4 11. Nf1 Bb7 12. N1h2 Rad8 13. Qe2 dxe4 14.
dxe4 e5 15. Bg5 Be7 16. c3 Na5 17. Bxf6 Bxf6 18. Ng4 Qe7 19. h5 h6 20. Qb5 Nb3 21.
Rab1 Bc8 22. Ne3 Be6 23. Rbd1 Rb8 24. Qe2 bxc3 25. bxc3 c4 26. Nxc4 Qc5 27. Ne3 Qxc3 28. Nd5 Bxd5 29. Rxd5 Rfd8 30. Red1 Rxd5 31. Rxd5 Rd8 32.
Qb5 Rxd5 33. Qxd5 Nd4 34. Nxd4 exd4 35. Bf1 Qc7 36. Bd3 Be7 37. e5 Qd8 38. Qe4 Bg5 39. f4 f5 40. Qxf5 Be7 41. Qh7+ Kf7 42. Bc4+ Ke8 43. Qg8+ Kd7 44. Qxg7 Kc7 45. Qg6 Bc5 46. Bd3 Qd5 47. Qe4 Qa2 48. f5 Qa1+ 49.
Kg2 Qa2+ 50. Kh3 Qxa4 51. e6 Be7 52. Qe5+ Bd6 53. Qg7+ Kb6 54. e7 Qd7 55. Qxd4+ Kc7 56.
Qxa7+ Kc6 57. Bb5+ Kxb5 58. Qxd7+ 1-0

[Event "*** Titled Tuesday Blitz"]
[Site "Chess.com"]
[Date "2018.05.01"]
[Round "4"]
[White "tomsishere"]
[Black "GP9isback23"]
[Result "1/2-1/2"]
[WhiteElo "2362"]
[BlackElo "2259"]
[TimeControl "180+2"]
[EndTime "13:53:32 PDT"]
[Termination "Game drawn - insufficient material"]

1. d4 Nf6 2. c4 e6 3. Nc3 Bb4 4. Qc2 O-O 5. Nf3 c5 6. dxc5 Na6 7. g3 Nxc5 8. Bg2 Nce4 9. O-O Nxc3 10. bxc3 Be7 11. e4 d6 12. e5 dxe5 13. Nxe5 Qa5 14.
Re1 Nd7 15. Bf4 Nc5 16. Rab1 a6 17. Nd3 Nxd3 18. Qxd3 Rd8 19. Qc2 Qc5 20. Be4 g6 21. h4 Qxc4 22. h5 f5 23. Bxb7 Bxb7 24. Rxb7 Bf6 25.
hxg6 hxg6 26. Qb3 Qxb3 27. axb3 Re8 28. Be5 Bxe5 29. Rxe5 a5 30. Rc5 Rec8 31. Rcc7 Rxc7 32. Rxc7 a4 33. bxa4 Rxa4 34. Re7 Ra6 35. Kg2 Rc6 36. Kh3 Kf8 37. Rb7 g5 38. f4 gxf4 39. gxf4 Rxc3+ 40. Kh4 e5 41. fxe5 f4 42. Kg4 f3 43. Rb4 f2 44. Rf4+ Ke7 45. Rxf2 Ke6 46. Re2 Rc4+ 47. Kg5 Rc5 48. Kf4 Rc4+ 49. Kg5 Rc5 50. Kf4 Rc4+ 51. Re4 Rc1 52. Re2 Rf1+ 53. Ke4 Ra1 54. Kf4 Ra4+ 55. Re4 Ra1 56. Re3 Rf1+ 57. Ke4 Ra1 58. Rd3 Re1+ 59. Re3 Rxe3+ 60. Kxe3 Kxe5 1/2-1/2

[Event "*** Titled Tuesday Blitz"]
[Site "Chess.com"]
[Date "2018.05.01"]
[Round "4"]
[White "VeraNebolsina"]
[Black "bugsbunny444"]
[Result "0-1"]
[WhiteElo "2365"]
[BlackElo "2327"]
[TimeControl "180+2"]
[EndTime "13:53:35 PDT"]
[Termination "bugsbunny444 won by resignation"]

1. e4 e6 2. d4 d5 3. exd5 exd5 4. Nf3 Bg4 5. Bd3 Bd6 6. O-O Nc6 7. c3 Nge7 8. h3 Bh5 9. Re1 Qd7 10. Nbd2 f6 11. Qc2 Bg6 12. Bxg6+ hxg6 13. Qxg6+ Kf8 14. Qg4 Qxg4 15. hxg4 Kf7 16. Nf1 Rh7 17. g3 Rah8 18. Bf4 Bxf4 19. gxf4 Ng6 20. Ng3 Nxf4 21. Re3 Nd8 22.
Rae1 Nde6 23. b3 c6 24. Nh5 Nxh5 25. gxh5 Re8 26. Kg2 Rxh5 27. Kg3 Rhh8 28. Nh4 Ng5 29. f3 Rxe3 30. Rxe3 g6 31. c4 Rh6 32. cxd5 cxd5 33.
Rc3 Ne6 34. b4 Nxd4 35. Rc7+ Ke6 36. Rxb7 Ne2+ 37. Kf2 Rxh4 38. Kxe2 Ke5 39. Rxa7 Rxb4 40. a4 Kf4 41. a5 Rb2+ 42. Kd3 Kxf3 43. a6 f5 44. Ra8 Ra2 45. a7 f4 46. Kd4 g5 47.
Kxd5 g4 48. Ke5 g3 49. Rf8 Ra5+ 50. Kd4 Rxa7 0-1

[Event "*** Titled Tuesday Blitz"]
[Site "Chess.com"]
[Date "2018.05.01"]
[Round "4"]
[White "RojonR"]
[Black "LawrenceTrent"]
[Result "0-1"]
[WhiteElo "2379"]
[BlackElo "2459"]
[TimeControl "180+2"]
[EndTime "13:53:48 PDT"]
[Termination "LawrenceTrent won by resignation"]

1. e4 e5 2. Nf3 Nc6 3. Bc4 Nf6 4.
c3 Nxe4 5. O-O d5 6. Bb5 Bd6 7.
d4 exd4 8. Nxd4 O-O 9. Nxc6 bxc6 10. Bxc6 Rb8 11. Bxd5 Re8 12. Bc6 Re6 13. Bxe4 Rxe4 14. Nd2 Re8 15. Nf3 Bg4 16. h3 Bh5 17. b3 Qf6 18.
Bb2 Rbd8 19. c4 Qg6 20. Qb1 Bxf3 21. Qxg6 hxg6 22. gxf3 Re2 23. Bd4 a6 24. Be3 Be5 25.
Rad1 Rxd1 26. Rxd1 Rxa2 27. Rd5 Bd6 28. c5 Be7 29. Rd7 Bf6 30. Rxc7 Kf8 31. Rc8+ Ke7 32. c6 Kd6 33. b4 Be5 34. Bc5+ Kd5 35. c7 Kc6 36.
Rf8 Bxc7 37. Rxf7 Be5 38. f4 Bf6 39. Kg2 a5 40. Ra7 Kb5 41. Bf8 a4 42. Bxg7 Bxg7 43. Rxg7 Kxb4 44. Rxg6 Rc2 45. Rb6+ Ka5 46. Rb8 Rc6 47.
f5 a3 48. Rb1 Ka4 49. Kg3 a2 50. Re1 Rb6 51. Kg4 Rb1 52. Re8 Rb5 53. Re1 Rb1 54. Re8 Kb5 55. Ra8 a1=Q 56. Rxa1 Rxa1 57. h4 Kc6 58. Kg5 Kd7 59. Kf6 Ke8 0-1

[Event "*** Titled Tuesday Blitz"]
[Site "Chess.com"]
[Date "2018.05.01"]
[Round "4"]
[White "arna"]
[Black "tteshan"]
[Result "1-0"]
[WhiteElo "2126"]
[BlackElo "1977"]
[TimeControl "180+2"]
[EndTime "13:53:49 PDT"]
[Termination "arna won by resignation"]

1. e4 c5 2. Nf3 e6 3. d4 cxd4 4. Nxd4 a6 5. Nc3 Qc7 6. g3 Nf6 7. Bg2 d6 8. O-O Be7 9. f4 Nc6 10. Nxc6 bxc6 11. e5 Nd5 12. exd6 Bxd6 13. Ne4 Be7 14. Kh1 O-O 15. c4 Nf6 16. Qc2 Bb7 17. c5 Rfd8 18. Nxf6+ Bxf6 19. Be3 Bd4 20. Bxd4 Rxd4 21.
Rfd1 Rad8 22. Rxd4 Rxd4 23. Rd1 Rxd1+ 24. Qxd1 a5 25. Qd4 Kf8 26. Be4 h6 27. Kg2 Ke7 28.
Qxg7 h5 29. Qg5+ Ke8 30. Qg8+ Ke7 31. Qg5+ Ke8 32. Qxh5 a4 33. Qh8+ Ke7 34. Qe5 Qd7 35. Qd6+ Qxd6 36. cxd6+ Kxd6 37. h4 Ba6 38. Kf2 f5 39.
Bc2 Bc4 40. a3 Bb5 41. b3 axb3 42. Bxb3 c5 43. h5 c4 44. Bc2 Ke7 45. Ke3 Kf6 46. a4 Be8 47. Bd1 e5 48. fxe5+ Kxe5 49. a5 Bb5 50. h6 Kf6 51. Kf4 Kg6 52. h7 Kxh7 53.
Kxf5 c3 54. Bc2 Kg7 55. Ke5 Kh6 56. Kf4 Bc4 57. g4 Bb5 58. g5+ Kg7 59. Ke5 Ba6 60.
Kd4 Kf7 61. Kxc3 Ke6 62. Kd4 Kd6 63. Bd3 Bc8 64. g6 Ke7 65. a6 Kf6 66. a7 Bb7 67. Kc5 Ba8 68. Kd4 Bb7 69. Be4 Ba8 70. Bxa8 Kxg6 71. Bh1 1-0

[Event "*** Titled Tuesday Blitz"]
[Site "Chess.com"]
[Date "2018.05.01"]
[Round "4"]
[White "Morshynska"]
[Black "BlackBoarder"]
[Result "0-1"]
[WhiteElo "2064"]
[BlackElo "2228"]
[TimeControl "180+2"]
[EndTime "13:53:49 PDT"]
[Termination "BlackBoarder won by resignation"]

1. d4 e6 2. c4 d5 3. Nc3 Nf6 4. Bg5 Be7 5. e3 Ne4 6. Bxe7 Qxe7 7.
Nxe4 dxe4 8. Qb3 O-O 9. Ne2 b6 10. Nc3 Bb7 11. Be2 Nd7 12. O-O-O a5 13. Kb1 Rfd8 14. g4 Qb4 15. h4 Qxb3 16. axb3 f5 17. Rhg1 g6 18. h5 Kf7 19. Kc2 Nf6 20. hxg6+ hxg6 21. gxf5 gxf5 22. Rg5 Rg8 23. Rdg1 Rxg5 24. Rxg5 Bc6 25. Bh5+ Nxh5 26. Rxh5 Kg6 27. Rh2 Rg8 28. Ne2 Kf7 29. Nf4 Bd7 30. Rh1 Ke8 31. Kc3 Ke7 32.
b4 axb4+ 33. Kxb4 Ra8 34. Rh7+ Kd6 35. Ng6 Ra4+ 36. Kc3 c5 37. Ne5 Bc6 38. Rh8 Ra1 39. Rd8+ Kc7 40. Rh8 Rc1+ 41. Kd2 Rb1 42. Rh7+ Kd6 43.
Kc2 Rf1 44. Kd2 Rxf2+ 45. Kc3 Re2 46. Nxc6 Rxe3+ 47. Kd2 Rd3+ 48. Kc2 Kxc6 49. dxc5 bxc5 50. b3 Kd6 51. Rh8 Rg3 52. Rd8+ Ke5 53. Rc8 Kd4 54.
Rd8+ Ke3 55. Rc8 f4 56. Rxc5 f3 57. Rc8 f2 58. Rf8 Rf3 0-1

[Event "*** Titled Tuesday Blitz"]
[Site "Chess.com"]
[Date "2018.05.01"]
[Round "4"]
[White "ABDELAZEEZ-M"]
[Black "Vusatiuk_Vladimir"]
[Result "0-1"]
[WhiteElo "2250"]
[BlackElo "2194"]
[TimeControl "180+2"]
[EndTime "13:53:51 PDT"]
[Termination "Vusatiuk_Vladimir won by checkmate"]

1. d4 Nf6 2. c4 e6 3. Nf3 Bb4+ 4. Nbd2 b6 5. g3 Bb7 6. Bg2 O-O 7. O-O d5 8. Ne5 Bd6 9. Qc2 c5 10. e3 Nc6 11. Nxc6 Bxc6 12. b3 Rc8 13. cxd5 exd5 14.
Qd3 Qd7 15. a4 Rfe8 16. dxc5 bxc5 17. Bb2 Be5 18. Bxe5 Rxe5 19. Rfd1 Ree8 20. Rac1 Qe7 21.
Qc3 Bb7 22. Qa5 Ba8 23. Rc3 d4 24. exd4 Bxg2 25. Kxg2 Qe2 26. Rcc1 Ng4 27. Rf1 Ne3+ 28. Kg1 Nxf1 29. Nxf1 cxd4 30. Rxc8 Rxc8 31. Qxa7 d3 32.
Qd7 Qc2 33. Ne3 Qc1+ 34. Nf1 h6 35. a5 Qc2 36. a6 Ra8 37. a7 Qxb3 38. Qc6 Rxa7 39.
Qe8+ Kh7 40. Qe4+ g6 41. Ne3 Ra1+ 42. Kg2 d2 43. Ng4 Rg1+ 44. Kh3 Qe6 45. Qf4 h5 46. f3 hxg4+ 47. fxg4 d1=Q 48. Kh4 g5+ 49. Qxg5 Qh6+ 50. Qh5 Qxh5+ 51. gxh5 Rh1 52. h3 f6 53. g4 Qe1# 0-1

[Event "*** Titled Tuesday Blitz"]
[Site "Chess.com"]
[Date "2018.05.01"]
[Round "4"]
[White "GulamaliRises"]
[Black "penguingm1"]
[Result "1/2-1/2"]
[WhiteElo "2493"]
[BlackElo "2738"]
[TimeControl "180+2"]
[EndTime "13:53:57 PDT"]
[Termination "Game drawn by agreement"]

1. e4 e5 2. Nc3 Nc6 3. f4 exf4 4. Nf3 Nge7 5. Bc4 Na5 6. Be2 d5 7. exd5 Nxd5 8. Nxd5 Qxd5 9. d4 Bd6 10. O-O O-O 11.
b3 b5 12. Bd2 Nc6 13. c4 Qe4 14. Be1 bxc4 15. bxc4 Bf5 16. Bf2 Rfe8 17. Nh4 Qxe2 18. Nxf5 Qxc4 19. Qg4 Bf8 20. Rac1 Qd5 21. Rc5 Qe6 22. d5 Ne5 23. dxe6 Nxg4 24. exf7+ Kxf7 25. Rxc7+ Kf6 26. Nxg7 Nxf2 27. Nxe8+ Rxe8 28. Kxf2 Re5 29. Kf3 Ra5 30. Rf2 h5 31. Rc6+ Kf5 32. Rfc2 Bb4 33.
Rc8 Ra3+ 34. Ke2 Re3+ 35. Kf1 Be7 36. R8c7 a5 37. Kf2 Bh4+ 38. g3 Bf6 39. R7c5+ Kg4 40. gxf4 Bd4 41. R5c4 Bb6 42. Kg2 h4 43. f5+ Kg5 44.
h3 Rg3+ 45. Kh2 Bg1+ 46. Kh1 Kxf5 47. Rg2 Be3 48. Rxg3 hxg3 49. Kg2 Bf2 50. Rc2 Be1 51. Re2 Bf2 52. Rxf2+ gxf2 53. Kxf2 Kf4 54. a4 Ke4 55. h4 Kf4 56. h5 Kg5 57. Ke3 Kxh5 58. Kd4 Kg5 59.
Kc5 Kf6 60. Kb6 Ke6 61. Kxa5 Kd7 62. Kb6 Kc8 63. Kc6 Kb8 64. Kb6 Ka8 65. Kc6 Kb8 66.
Kb6 1/2-1/2

[Event "*** Titled Tuesday Blitz"]
[Site "Chess.com"]
[Date "2018.05.01"]
[Round "4"]
[White "Abdodi"]
[Black "51616516516"]
[Result "0-1"]
[WhiteElo "2025"]
[BlackElo "2164"]
[TimeControl "180+2"]
[EndTime "13:53:59 PDT"]
[Termination "51616516516 won by resignation"]

1. e4 c5 2. d3 g6 3. g3 Nc6 4. Bg2 Bg7 5. f4 d6 6. Nf3 Nf6 7. c3 O-O 8. Be3 Ng4 9. Qe2 Nxe3 10. Qxe3 Qb6 11. Qf2 Qa5 12. O-O Bd7 13. Kh1 b5 14.
Na3 Bxc3 15. Nxb5 Qxb5 16. bxc3 Qxd3 17. Rac1 Rab8 18. Rfd1 Qa6 19. e5 Na5 20. exd6 exd6 21. Ng5 Bc6 22. Bd5 Bxd5+ 23. Rxd5 Qc6 24. Qg2 Rb2 25.
Qxb2 Qxd5+ 26. Kg1 h6 27. Nh3 Nc4 28. Qe2 Qd2 29.
Qxd2 Nxd2 30. Rd1 Nc4 31. Nf2 Rb8 32. Ne4 Rb6 33. Nf6+ Kg7 34. Ne4 f5 35. Nd2 Nxd2 36.
Rxd2 Kf6 37. Kf2 Ke6 38. Ke3 d5 39. Kf3 Rb1 40. Kf2 a5 41. Ke3 a4 42. Kd3 a3 43. Re2+ Kd6 44. Rd2 c4+ 45. Ke3 Rb2 46. Ke2 Kc5 47. Ke3 Rxd2 48. Kxd2 d4 49. cxd4+ Kxd4 50. h3 c3+ 51. Kc2 Kc4 52. g4 h5 53. gxh5 gxh5 54. h4 Kd4 55. Kd1 Kd3 56. Kc1 Ke3 57.
Kc2 Kxf4 58. Kxc3 Ke3 59. Kb3 f4 60. Kxa3 f3 61. Kb4 f2 62. a3 f1=Q 63. a4 Qf4+ 64. Kb5 Qxh4 65. a5 Qd8 66. a6 h4 67.
Kc6 h3 68. Kb7 h2 69. a7 h1=Q+ 0-1

[Event "*** Titled Tuesday Blitz"]
[Site "Chess.com"]
[Date "2018.05.01"]
[Round "4"]
[White "sergiochess83"]
[Black "Orest_Vovk"]
[Result "1-0"]
[WhiteElo "2797"]
[BlackElo "2474"]
[TimeControl "180+2"]
[EndTime "13:54:01 PDT"]
[Termination "sergiochess83 won by resignation"]

1. e4 g5 2. d4 h6 3. h4 g4 4. Nc3 Bg7 5. Be3 d6 6. Bc4 Nf6 7. Nge2 Nh5 8. Qd2 c6 9. Bb3 Na6 10. Nf4 Nxf4 11. Bxf4 Qa5 12. O-O-O Nc7 13. Rhe1 Nb5 14.
Nxb5 Qxd2+ 15. Rxd2 cxb5 16. e5 dxe5 17. Bxe5 Bxe5 18.
Rxe5 a6 19. Rde2 e6 20. R5e4 g3 21. fxg3 O-O 22. d5 exd5 23. Bxd5 Be6 24. Bxe6 fxe6 25. Rxe6 Rf1+ 26. Re1 Rxe1+ 27. Rxe1 Kf7 28. Re4 Rg8 29.
g4 Kf6 30. Kd2 Rc8 31. c3 Rd8+ 32. Ke2 Rd7 33. Rf4+ Kg7 34. g3 Re7+ 35. Kd2 Rd7+ 36. Rd4 Rf7 37. Ke2 Re7+ 38. Kf3 Rf7+ 39. Ke3 Re7+ 40. Re4 Rd7 41. Re6 Rf7 42. h5 Rd7 43. g5 hxg5 44. Rg6+ Kh7 45. Rxg5 Re7+ 46. Kf3 Rf7+ 47. Kg4 Rd7 48. Rc5 Rd2 49. Kg5 Rxb2 50. Rc7+ Kg8 51. Kg6 Kf8 52. h6 Rg2 53. Rc8+ Ke7 54.
h7 Rxg3+ 55. Kf5 Rh3 56. h8=Q Rxh8 57. Rxh8 Kd6 58. Ke4 Kc5 59. Rh7 b6 60. Rh6 a5 61.
Kd3 b4 62. Rh5+ Kc6 63. cxb4 axb4 64. Kc4 b3 65. axb3 1-0

[Event "*** Titled Tuesday Blitz"]
[Site "Chess.com"]
[Date "2018.05.01"]
[Round "4"]
[White "Flawless2018"]
[Black "vugarrasulov"]
[Result "1/2-1/2"]
[WhiteElo "2478"]
[BlackElo "2725"]
[TimeControl "180+2"]
[EndTime "13:54:07 PDT"]
[Termination "Game drawn by agreement"]

1. Nf3 Nf6 2. g3 b6 3. Bg2 Bb7 4. O-O c5 5. c4 g6 6. Nc3 Bg7 7.
b3 O-O 8. Bb2 d5 9. Nxd5 Nxd5 10. Bxg7 Kxg7 11. cxd5 Bxd5 12. d4 Nd7 13. Rc1 Rc8 14.
Qd3 Kg8 15. e4 Bb7 16. d5 Qc7 17. Qc3 b5 18. Bh3 Rfd8 19. Rfd1 b4 20. Qc4 Qb6 21.
e5 Rc7 22. e6 Nf8 23. exf7+ Kg7 24. Qh4 Qf6 25. Qxf6+ exf6 26. Nd4 Rxd5 27. Ne6+ Nxe6 28. Bxe6 Rxd1+ 29. Rxd1 Be4 30. Rd8 Rxf7 31. Bxf7 Kxf7 32. Rc8 Bb1 33. Rxc5 Bxa2 34. Ra5 Bxb3 35. Rxa7+ Ke6 36. Rb7 Bd5 37. Rxb4 h5 38. h4 Kd6 39. Rb6+ Ke7 40. Kf1 Kf7 41. Ke2 g5 42. Ke3 Kg6 43. Rd6 Bb7 44.
hxg5 Kxg5 45. Rb6 Bc8 46. Kf3 Bg4+ 47. Kg2 Bd7 48. Rd6 Bc8 49. f4+ Kg6 50. Rd8 Bb7+ 51. Kh3 Bf3 52. Kh4 Kg7 53. Rd7+ Kg6 54. Rd3 Bg4 55.
Ra3 Kg7 56. Ra5 Kg6 57. Ra7 Kh6 58. Re7 Kg6 59. Ra7 Kh6 60. Ra6 Kg6 61. Ra5 Kh6 62. Rb5 Kg6 63. Rc5 Kh6 64. Rd5 Kg6 65. Rd8 Kg7 66.
Rd5 Kg6 67. Rd2 Kg7 68. Rb2 Kg6 69. Rb7 Kh6 70. Rf7 Kg6 71. Rf8 Kg7 72. Rb8 1/2-1/2

[Event "*** Titled Tuesday Blitz"]
[Site "Chess.com"]
[Date "2018.05.01"]
[Round "4"]
[White "Maghalashvili"]
[Black "ChainsOfFantasia"]
[Result "0-1"]
[WhiteElo "2602"]
[BlackElo "2432"]
[TimeControl "180+2"]
[EndTime "13:54:07 PDT"]
[Termination "ChainsOfFantasia won by checkmate"]

1. Nf3 Nf6 2. g3 e6 3. Bg2 d5 4.
O-O Be7 5. d3 O-O 6. Nbd2 c5 7.
e4 Nc6 8. e5 Nd7 9. Re1 b5 10.
Nf1 b4 11. h4 a5 12. Bf4 a4 13. a3 bxa3 14. bxa3 Qa5 15. Ne3 Nd4 16. Ng4 Rb8 17.
Bg5 Qd8 18. Nxd4 cxd4 19. Qd2 Re8 20. Qf4 Nf8 21. Bxe7 Rxe7 22. Qxd4 Qa5 23. h5 h6 24.
c4 dxc4 25. dxc4 Bb7 26. Bxb7 Rexb7 27. c5 Rc8 28. Rec1 Rbc7 29. Rab1 Rxc5 30. Rxc5 Qxc5 31. Qxc5 Rxc5 32. Rb4 Nd7 33. f4 Rc3 34. Kg2 Rxa3 35. Rb7 Nc5 36. Rb8+ Kh7 37. Rf8 Ne4 38. Kh3 Rxg3+ 39.
Kh4 Rg1 40. Kh3 a3 41. Ra8 Ra1 42. Ne3 a2 43. Nc2 Rf1 44. Rxa2 Rxf4 45. Ra7 Rf3+ 46. Kg4 Rf2 47. Nd4 g5 48. Nc6 Rf4+ 49. Kh3 g4+ 50. Kg2 Rf2+ 51. Kg1 g3 52. Nd8 Kg8 53. Ra8 Kg7 54. Ra7 Kf8 55. Ra8 Ke7 56. Nc6+ Kd7 57. Nd4 Ng5 58. Ra7+ Kc8 59. Kh1 Nh3 60. Ra1 Rh2# 0-1

[Event "*** Titled Tuesday Blitz"]
[Site "Chess.com"]
[Date "2018.05.01"]
[Round "4"]
[White "Indianlad"]
[Black "MehdiHosseinipour"]
[Result "1-0"]
[WhiteElo "2638"]
[BlackElo "2432"]
[TimeControl "180+2"]
[EndTime "13:54:18 PDT"]
[Termination "Indianlad won by resignation"]

1. e4 g6 2. d4 Bg7 3. Bc4 e6 4. Bb3 Ne7 5. Nf3 d5 6. e5 c5 7. c3 b6 8. h4 h6 9. O-O Ba6 10. Re1 Nbc6 11. Bc2 Rc8 12. a3 O-O 13. Bf4 Nf5 14.
Bxf5 gxf5 15. Nbd2 Kh7 16. Nf1 Rg8 17. Ng3 Qf8 18.
Ng5+ Kh8 19. Nh5 Ne7 20. Nf6 Bxf6 21. exf6 Ng6 22. Bd6 Nxh4 23. Bxf8 Rxg5 24. Bg7+ Kh7 25. g3 f4 26. Re5 Nf5 27. Kg2 cxd4 28. Rxf5 exf5 29. Qxd4 Rc4 30. Rh1 Rxg7 31. fxg7 Rxd4 32. cxd4 fxg3 33. Kxg3 Kxg7 34. Kf4 f6 35. Kxf5 Bc8+ 36. Kf4 Ba6 37. Rh3 Bf1 38. Rc3 Kg6 39. b4 Bc4 40.
Rg3+ Kf7 41. Rg1 h5 42. Rg3 Be2 43. Re3 Bc4 44. Kg3 a5 45. bxa5 bxa5 46. Kf4 a4 47.
Re1 Bb3 48. Rh1 Kg6 49. Rg1+ Kf7 50. Rc1 Bc4 51. Rc3 Bb3 52. Rc7+ Kg6 53. Ra7 Bd1 54.
Ra5 Bb3 55. Ra8 Bd1 56. Rg8+ Kf7 57. Rd8 Bb3 58. Rd7+ Kg6 59. Rd6 Kf7 60. Rc6 Kg6 61.
Ra6 Bd1 62. Ra5 Bb3 63. Rc5 Kf7 64. Kf5 Kg7 65. Rc7+ Kh6 66. Kxf6 h4 67. Rc8 Bc2 68. Rxc2 1-0